AoeStats
← [B]Dr. Catanabico

Arabia

507917448Analyzed
2v2 RM · 12d ago on Sep 20, 2026· 29m 11s· 4 players
Game mode
Random Map
Map size
Medium (4 player)
Population
200
Speed
Normal
Resources
Standard
Victory
Conquest
Starting age
Dark Age
Ending age
Imperial Age
RankedLock teamsTeams togetherTeam positionsShared explorationLock speedFull tech treeHidden civsTurbo modeCheats
Victory
Defeat
🇲🇽 Khmer · Mexico
1100
+16
🇲🇽 Romans · Mexico
1013
+20
🇺🇸 Huns · United States
1092
-18
🇺🇸 Shu · United States
1090
-18
Cow Cow
6:57 Loom
9:18 Feudal Age
13:40 Double-Bit Axe
14:05 Fletching
14:31 Gold Mining
17:14 Padded Archer Armor
17:06 Horse Collar
22:27 Scale Barding Armor
24:56 Castle Age
24:42 Forging
25:45 Bodkin Arrow
25:13 Crossbowman
26:18 Leather Archer Armor
26:41 Wheelbarrow
27:20 Husbandry
28:10 Ballistics
ajnin
9:32 Feudal Age
10:02 Double-Bit Axe
12:00 Horse Collar
19:44 Loom
19:55 Gold Mining
25:08 Castle Age
24:35 Scale Barding Armor
20ag
8:14 Loom
10:40 Feudal Age
13:39 Scale Barding Armor
16:41 Double-Bit Axe
17:37 Forging
19:09 Bloodlines
25:21 Castle Age
23:58 Horse Collar
26:03 Husbandry
29:04 Town Watch
29:56 Wheelbarrow
29:26 Gold Mining
[B]Dr. Catanabico
6:59 Loom
9:46 Feudal Age
10:23 Double-Bit Axe
10:37 Man-at-Arms
17:17 Horse Collar
22:37 Castle Age
23:23 Long Swordsman
24:04 Scale Mail Armor
25:18 Heavy Plow
26:01 Wheelbarrow
26:05 Fletching
26:31 Chain Mail Armor
28:03 Bodkin Arrow
28:18 Forging
Connection lost

Rejoining the realm…

Still unreachable

The connection could not be restored.

Session expired

The server has moved on; the page needs a fresh start.